 Dungeon Crawl Stone Soup version 0.22-a0-247-gbddf880757 (webtiles) character file.

3506 Peterchen the Severer (level 9, -6/70 HPs)
             Began as a Minotaur Berserker on Feb 24, 2018.
             Was an Elder of Trog.
             Mangled by an iguana (10 damage)
             ... on level 8 of the Dungeon.
             The game lasted 00:13:46 (5528 turns).

Peterchen the Severer (Minotaur Berserker)          Turns: 5528, Time: 00:13:46

Health: -6/70      AC:  7    Str: 26    XL:     9   Next: 80%
Magic:  8/8        EV: 10    Int:  6    God:    Trog [****..]
Gold:   302        SH:  0    Dex:  9    Spells: 8/8 levels left

rFire    . . .     SeeInvis +   a - +0 hand axe
rCold    . . .     Gourm    .   (no shield)
rNeg     . . .     Faith    .   F - +0 scale mail
rPois    .         Spirit   .   (helmet restricted)
rElec    .         Reflect  .   (no cloak)
rCorr    .         Harm     +   s - +0 pair of gloves
MR       .....                  (no boots)
Stlth    ..........             y - amulet of harm
HPRegen  0.21/turn              e - ring of see invisible
MPRegen  0.11/turn              B - +2 ring of intelligence

@: berserk cooldown, starving, slowed, drained, very slow
A: retaliatory headbutt, horns 2
a: Berserk, Trog's Hand, Brothers in Arms, Renounce Religion


You were on level 8 of the Dungeon.
You worshipped Trog.
Trog was greatly pleased with you.
You were starving.

You visited 1 branch of the dungeon, and saw 8 of its levels.

You collected 302 gold pieces.

Inventory:

Hand Weapons
 a - a +0 hand axe (weapon)
Missiles
 b - 7 javelins (quivered)
 p - 3 tomahawks
Armour
 s - a +0 pair of gloves (worn)
 F - a +0 scale mail (worn)
Jewellery
 e - a ring of see invisible (left hand)
 l - an uncursed ring of magical power {unknown}
 y - an amulet of harm (around neck)
 B - a +2 ring of intelligence (right hand)
Wands
 E - a wand of enslavement (16)
Scrolls
 i - 5 scrolls of remove curse
 j - 2 scrolls of random uselessness
 k - 2 scrolls of teleportation
 m - a scroll of fear {unknown}
 o - a scroll of immolation {unknown}
 r - 6 scrolls of identify
 w - a scroll of noise {unknown}
 x - 2 scrolls of enchant weapon {unknown}
 C - 3 scrolls of magic mapping {unknown}
Potions
 d - 3 potions of degeneration
 f - 4 potions of flight {unknown}
 g - a potion of curing
 h - a potion of berserk rage {unknown}
 n - 4 potions of heal wounds {unknown}
 q - 4 potions of lignification {unknown}
 t - 2 potions of mutation {unknown}
 u - 3 potions of might {unknown}
 v - 3 potions of agility {unknown}
 z - a potion of ambrosia {unknown}
 A - a potion of cancellation {unknown}
Comestibles
 c - 10 rations


   Skills:
 - Level 3.6(3.2) Fighting
 * Level 16.0(15.5) Axes
 - Level 2.4(2.1) Armour
 - Level 2.1(1.8) Dodging


You had 8 spell levels left.
You didn't know any spells.

Dungeon Overview and Level Annotations

Branches:
Dungeon (8/15)             Temple (0/1) D:6
   Lair: D:8-11

Altars:
Cheibriados
Trog


Innate Abilities, Weirdness & Mutations

You reflexively headbutt those who attack you in melee.
You have a pair of horns on your head.


Message History

a dagger; a robe; an orc corpse The wight barely misses you.
The hungry ghost hits you.
You feel somewhat more hungry.
Your surroundings suddenly seem different.
An iguana comes into view.
The iguana hisses angrily.
Found a scroll of teleportation.
You found an alarm trap!
Unknown command.
As you read the scroll of identify, it crumbles to dust.
d - 3 potions of degeneration You are too injured to fight recklessly!
Throwing (i - inventory. (/) - cycle)
b - 8 javelins (quivered)
Press: ? - help, Shift-Dir - straight line, f - iguana
Aim: an iguana You throw a javelin.
The javelin hits the iguana!
The iguana is heavily wounded.
You hear a blaring wail to the west.
The iguana bites you!
You die...

. ######
..#######......
#.............
.#.............
.'.............
##.......#
?....(l@.#
.........#
..######## .


You could see an iguana.

Vanquished Creatures
  A two-headed ogre (D:8)
  Grinder (D:6)
  A hippogriff (D:8)
  Eustachio (D:4)
  An orc warrior (D:7)
  3 ice beasts
  2 phantoms (D:5)
  A necrophage (D:8)
  3 centaurs
  4 bullfrogs
  2 scorpions
  3 wights (D:7)
  3 crimson imps
  2 jellies
  3 hounds
  A centaur skeleton (D:6)
  3 orc priests
  9 orc wizards
  A bullfrog skeleton (D:6)
  4 iguanas
  4 worker ants
  A hound skeleton (D:8)
  A howler monkey skeleton (D:6)
  2 adders
  A shadow imp (D:7)
  An ooze (D:3)
  An adder skeleton (D:8)
  2 worms
  2 dart slugs
  3 leopard geckos
  15 orcs
  3 giant cockroaches
  7 goblins
  4 hobgoblins
  8 jackals
  8 kobolds
  A quokka (D:7)
  A ball python (D:2)
  A ball python skeleton (D:4)
  4 bats
  4 frilled lizards
  A jackal skeleton (D:4)
  A leopard gecko skeleton (D:4)
  A quokka zombie (D:7)
  6 rats
132 creatures vanquished.

Notes
Turn   | Place    | Note
-------+----------+-------------------------------------------
     0 | D:1      | Peterchen the Minotaur Berserker began the quest for the Orb.
     0 | D:1      | Reached XP level 1. HP: 19/19 MP: 0/0
   144 | D:1      | Reached skill level 4 in Axes
   293 | D:1      | Reached XP level 2. HP: 26/26 MP: 1/1
   757 | D:2      | Found a bloodstained altar of Trog.
   832 | D:2      | Reached skill level 5 in Axes
   950 | D:2      | Reached XP level 3. HP: 31/31 MP: 2/2
   984 | D:2      | Reached ** piety under Trog
  1157 | D:3      | Reached skill level 6 in Axes
  1157 | D:3      | Reached XP level 4. HP: 14/39 MP: 3/3
  1396 | D:3      | Reached skill level 7 in Axes
  1396 | D:3      | Reached XP level 5. HP: 26/45 MP: 4/4
  1580 | D:3      | Found a snail-covered altar of Cheibriados.
  1943 | D:4      | Noticed Eustachio
  1954 | D:4      | Killed Eustachio
  1954 | D:4      | Reached skill level 8 in Axes
  1954 | D:4      | Reached XP level 6. HP: 51/51 MP: 5/5
  2111 | D:4      | Reached skill level 9 in Axes
  2343 | D:4      | Reached *** piety under Trog
  2361 | D:4      | Reached XP level 7. HP: 8/57 MP: 6/6
  2681 | D:5      | Entered Level 5 of the Dungeon
  2722 | D:5      | Reached skill level 10 in Axes
  2891 | D:5      | Reached skill level 11 in Axes
  3349 | D:6      | Found a staircase to the Ecumenical Temple.
  3381 | D:6      | Reached XP level 8. HP: 53/64 MP: 7/7
  3395 | D:6      | Noticed Grinder
  3409 | D:6      | Killed Grinder
  3409 | D:6      | Reached skill level 12 in Axes
  3967 | D:7      | Reached skill level 13 in Axes
  4593 | D:7      | Reached XP level 9. HP: 70/70 MP: 8/8
  4812 | D:7      | Reached skill level 14 in Axes
  5131 | D:8      | Noticed a two-headed ogre
  5304 | D:8      | Killed a two-headed ogre
  5304 | D:8      | Reached skill level 15 in Axes
  5499 | D:8      | Reached **** piety under Trog
  5515 | D:8      | Reached skill level 16 in Axes
  5522 | D:8      | HP: 2/70 [wight/halberd of freezing (6)]
  5528 | D:8      | Mangled by an iguana

Vault maps used:
D:1:      lordsloth_arrival_two_stooges
D:2:      trog_three_pillars_becter
D:3:      kennysheep_slug_shrine
D:4:      uniq_eustachio
D:5:      first_ration
D:6:      minmay_temple_entry_overgrown, uniq_grinder
D:8:      cheibrodos_fzero, uniq_pikel

Skill      XL: |  1  2  3  4  5  6  7  8  9 |
---------------+----------------------------+-----
Axes           | 4 5 6 7 8 9 11 13 16 | 16.0
Fighting       | |  3.6
Armour         | |  2.4
Dodging        | |  2.1

Action                   |  1- 3 |  4- 6 |  7- 9 || total
-------------------------+-------+-------+-------++-------
Melee: Hand axe          |    60 |    95 |   198 ||   353
       Headbutt          |     9 |    21 |    47 ||    77
Throw: Javelin           |       |       |     1 ||     1
Invok: Berserk           |     1 |     3 |     7 ||    11
       Trog's Hand       |       |       |     1 ||     1
  Use: Scroll            |     3 |       |     2 ||     5
       Potion            |       |     1 |     1 ||     2
  Eat: Chunk             |     1 |     6 |    11 ||    18
       Ration            |       |       |     2 ||     2
Armor: Animal skin       |     7 |       |       ||     7
       Ring mail         |     2 |    23 |    26 ||    51
       Scale mail        |       |       |    18 ||    18
Dodge: Dodged            |    40 |    36 |   101 ||   177

Table legend:
 A = Spawn XP
 B = Non-spawn XP
 C = Spawn XP percentage of total XP
 D = Spawn monster count
 E = Non-spawn monster count
 F = Spawn count percentage of total count
 G = Total turns spent on level
                    A         B        C        D         E        F      G
               +---------+---------+-------+---------+---------+-------+---------
         Total |       0 |    5009 |   0.0 |       0 |     132 |   0.0 |  5528
               +---------+---------+-------+---------+---------+-------+---------
           D:1 |       0 |      26 |   0.0 |       0 |      15 |   0.0 |   735
           D:2 |       0 |      23 |   0.0 |       0 |      16 |   0.0 |   404
           D:3 |       0 |     216 |   0.0 |       0 |      26 |   0.0 |   725
           D:4 |       0 |     521 |   0.0 |       0 |      16 |   0.0 |   817
           D:5 |       0 |     458 |   0.0 |       0 |       5 |   0.0 |   474
           D:6 |       0 |     913 |   0.0 |       0 |      14 |   0.0 |   758
           D:7 |       0 |     885 |   0.0 |       0 |      25 |   0.0 |  1332
           D:8 |       0 |    1967 |   0.0 |       0 |      15 |   0.0 |   283
               +---------+---------+-------+---------+---------+-------+---------
